 Dungeon Crawl Stone Soup version 0.32-a0-30-gefbe487952 (webtiles) character file.

Game seed: 17229058299984422836

178 LeprechaunX the Changeling (level 5, 0/35 HPs)
             Began as an Octopode Shapeshifter on Jan 19, 2024.
             Was a Follower of Wu Jian.
             Slain by a goblin
             ... wielding a +0 club
              (2 damage)
             ... on level 3 of the Dungeon.
             The game lasted 00:03:02 (2627 turns).

LeprechaunX the Changeling (Octopode Shapeshifter)  Turns: 2627, Time: 00:03:03

Health: 0/35       AC:  1    Str: 13    XL:     5   Next: 58%
Magic:  5/5        EV: 13    Int: 13    God:    Wu Jian [*.....]
Gold:   169        SH:  0    Dex: 13    Spells: 4/4 levels left

rFire   . . .        j - +9 mace of Distant Shores {freeze, rN++}
rCold   . . .        (no shield)
rNeg    + + .        (helmet currently unavailable)
rPois   .            (no amulet)
rElec   .            (no ring)
rCorr   .            (no ring)
SInv    .            (no ring)
Will    .....        (no ring)
Stlth   ++           (no ring)
HPRegen 0.25/turn    (no ring)
MPRegen 0.09/turn    (no ring)
                     (no ring)

%: no passive effects
@: beast-form
A: beast (slay +2), almost no armour, amphibious, 8 rings, camouflage 1,
gelatinous body 1, (nimble swimmer 1), tentacles
a: Begin Untransformation, Renounce Religion


You were on level 3 of the Dungeon.
You worshipped Wu Jian.
Wu Jian was aware of your devotion.
You were a hulking beast.
You visited 1 branch of the dungeon, and saw 4 of its levels.

You collected 169 gold pieces.

Inventory:

Hand Weapons
 j - the +9 mace of Distant Shores (weapon) {freeze, rN++}
   (You found it on level 2 of the Dungeon)

   rN++:      It greatly protects you from negative energy.
Talismans
 b - a beast talisman
 c - a flux talisman
Scrolls
 d - a scroll of blinking {unknown}
 e - a scroll of teleportation {unknown}
 f - a scroll of immolation {unknown}
 g - 2 scrolls of amnesia {unknown}
 i - a scroll of noise {unknown}
 k - a scroll of enchant armour {unknown}
 n - a scroll of enchant weapon {unknown}
 o - 2 scrolls of identify {unknown}
Potions
 a - 3 potions of lignification
 h - a potion of haste {unknown}
 l - a potion of cancellation {unknown}
 m - a potion of mutation {unknown}


   Skills:
 + Level 2.3 Fighting
 + Level 1.0 Maces & Flails
 + Level 2.9 Dodging
 + Level 3.8 Unarmed Combat
 * Level 4.1 Shapeshifting


You had 4 spell levels left.
You didn't know any spells.
Your spell library contained the following spells:

 Spells                   Type           Power      Damage    Failure   Level
 Foxfire                  Conj/Fire      0%         2x1d4     30%         1
 Cigotuvi's Dreadful Rot  Necr/Alch/Air  0%         N/A       43%         2
 Dazzling Flash           Conj/Hex       0%         N/A       67%         3
 Volatile Blastmotes      Fire/Tloc      0%         2d10      67%         3
 Ignite Poison            Fire/Alch      0%         N/A       97%         4
 Freezing Cloud           Conj/Ice/Air   0%         6-21      100%        5
 Plasma Beam              Fire/Air       0%         2x1d10    100%        6
 Starburst                Conj/Fire      0%         6d3       100%        6
 Maxwell's Capacitive Co  Air            0%         ∞         100%        8


Dungeon Overview and Level Annotations

Branches:
Dungeon (4/15)
 Temple: D:4-7

Altars:
Elyvilon
Gozag
Uskayaw
Wu Jian


Innate Abilities, Weirdness & Mutations

You are a hulking beast.
Your limbs bulge with bestial killing power. (Slay +2)
You cannot wear most types of armour.
You are amphibious.
You can wear up to eight rings at the same time.
Your skin changes colour to match your surroundings (Stealth+).
Your rubbery body absorbs attacks. (AC +1, EV +1)
((You are camouflaged when in or above water. (Stealth+)))
You have tentacles for arms and can constrict up to eight enemies at once.


Message History

The orc wizard hits you with a +0 dagger.
Okay, then.
You sock the orc wizard! You freeze the orc wizard.
You kill the orc wizard!
The Council accepts your kill. The orc hits you with a +0 club.
The orc priest casts a cantrip, but nothing happens.
The orc hits you from afar with a +0 trident.
Your Shapeshifting skill increases to level 4!
You sock the orc! You freeze the orc.
You kill the orc!
The Council accepts your kill.
The orc hits you from afar with a +0 trident.
The orc misses you. The orc priest closely misses you.
You hit the orc priest. You freeze the orc priest. You grab the orc priest.
You squeeze the orc priest.
The orc priest is severely wounded.
You constrict the orc priest.
The orc priest calls down the wrath of Beogh upon you.
Beogh smites you!
The orc hits you from afar with a +0 trident!
* * * LOW HITPOINT WARNING * * *
You bludgeon the orc priest!! You freeze the orc priest.
You kill the orc priest!
The Council accepts your kill.
The orc hits you from afar with a +0 trident.
* * * LOW HITPOINT WARNING * * *
The goblin hits you with a +0 club.
* * * LOW HITPOINT WARNING * * *
Your Maces & Flails skill increases to level 1!
Unknown command.
The orc barely misses you. The goblin closely misses you.
You climb upwards.
There is a stone staircase leading down here.
Unknown command.
You barely miss the goblin. Your grab misses the goblin.
The goblin hits you with a +0 club.
* * * LOW HITPOINT WARNING * * *
The goblin hits you with a +0 club.
You die...

##.####.....#.#..#..#.#..
#.# ###...'####_####+..
#.## #...#.#..#..#.#..
#..# ##..##.#..#.[#.#..
####.####..[##....#....#..
#............#.........#..
#........#.#.###########..
#).....(.#.#.###......#..#
#.......gh...........##..#
#........#...###..........
#........#..## #.......<..
#........#..# ##.....#.###
#........#..###........# #
#........#..#...#.....####
#......(......###.....###.
####.####...### #.........
#.# #..### #.....####


You could see a goblin.

Vanquished Creatures
  An orc priest (D:4)
  An orc wizard (D:4)
  Robin (D:2)
  3 adders
  A dart slug (D:1)
  A ribbon worm (D:2)
  2 orcs
  6 ball pythons
  5 bats
  6 endoplasms
  2 giant cockroaches
  14 goblins
  7 hobgoblins
  10 kobolds
  6 quokkas
  6 frilled lizards
  4 rats
76 creatures vanquished.

Notes
Turn   | Place    | Note
-------+----------+-------------------------------------------
     0 | D:1      | LeprechaunX the Octopode Shapeshifter began the quest for
                  | the Orb.
     0 | D:1      | Reached XP level 1. HP: 13/13 MP: 1/1
    92 | D:1      | Reached XP level 2. HP: 18/18 MP: 2/2
   628 | D:1      | Reached XP level 3. HP: 22/23 MP: 3/3
  1384 | D:2      | Reached XP level 4. HP: 28/29 MP: 4/4
  1587 | D:2      | Noticed Robin
  1609 | D:2      | Killed Robin
  1736 | D:2      | Identified the +9 mace of Distant Shores {freeze, rN++}
  2288 | D:3      | Found a hide-covered altar of Uskayaw.
  2297 | D:3      | Reached XP level 5. HP: 24/34 MP: 5/5
  2405 | D:3      | Found a white marble altar of Elyvilon.
  2405 | D:3      | Found an opulent altar of Gozag.
  2587 | D:3      | Found a faded altar of an unknown god.
  2604 | D:3      | Prayed at the altar of an unknown god.
  2604 | D:3      | Became a worshipper of the Wu Jian Council
  2604 | D:3      | Reached * piety under Wu Jian
  2622 | D:4      | Reached skill level 4 in Shapeshifting
  2625 | D:4      | Reached skill level 1 in Maces & Flails
  2627 | D:3      | Slain by a goblin

Illustrated notes

Levels and vault maps discovered:
D:1:      amcnicky_arrival_wind_blow, layout_basic, kennysheep_boxes
D:2:      layout_loops_corners, uniq_robin
D:3:      layout_rooms, mainiacjoe_overflow_catwalk,
          chequers_temple_overflow_statue_of_worship,
          shapermc_ecumenical_altar_notcrosses
D:4:      layout_layer_cave, mainiacjoe_overflow_concentric_impassable,
          uniq_crazy_yiuf_cottage, uniq_eustachio

Skill      XL: |  1  2  3  4  5 |
---------------+----------------+-----
Fighting       | 2 |  2.3
Shapeshifting  | 4 |  4.1
Maces & Flails | 1 |  1.0
Dodging        | |  2.9
Unarmed Combat | |  3.8

Action                     |  1- 3 |  4- 6 || total
---------------------------+-------+-------++-------
  Melee: Unarmed           |    57 |    33 ||    90
         Constrict         |    18 |    17 ||    35
         Tentacles         |    14 |    11 ||    25
         Punch             |     2 |     5 ||     7
         Mace              |       |    35 ||    35
   Stab: Sleeping          |     9 |     6 ||    15
         Distracted        |       |     1 ||     1
 Armour: Skin              |    20 |    29 ||    49
  Dodge: Dodged            |    24 |    29 ||    53

Table legend: (Time is in decaauts)
 A = Elapsed time spent in this place.
 B = Non-inter-level travel time spent in this place.
 C = Inter-level travel time spent in this place.
 D = Time resting spent in this place.
 E = Time spent auto-exploring this place.
 F = Levels seen in this place.
 G = Mean time per level.
                   A        B        C        D        E       F      G
               +--------+--------+--------+--------+--------+-----+--------+
         Total |   2632 |   2507 |    125 |     68 |   2014 |   4 |  658.0 |
       Dungeon |   2632 |   2507 |    125 |     68 |   2014 |   4 |  658.0 |
               +--------+--------+--------+--------+--------+-----+--------+

Top non-repeatable levels by time:
     D:2: 1078 daAuts
     D:1: 1013 daAuts
     D:3: 533 daAuts
     D:4: 8 daAuts
